 Dungeon Crawl Stone Soup version 0.28.0-53-g5a82cb258f (webtiles) character file.

Game seed: 8209819684236735277

48 DildoBatman the Conjurer (level 4, 0/30 HPs)
             Began as a Formicid Conjurer on June 9, 2022.
             Constricted to death by a ball python (1 damage)
             ... on level 3 of the Dungeon.
             The game lasted 00:03:30 (1535 turns).

DildoBatman the Conjurer (Formicid Conjurer)        Turns: 1535, Time: 00:03:31

Health: 0/30       AC:  2    Str: 12    XL:     4   Next: 0%
Magic:  7/7        EV:  9    Int: 17    God:
Gold:   58         SH:  0    Dex: 11    Spells: 4/7 levels left

rFire   + . .      SeeInvis +   b - +2 short sword (vamp)
rCold   . . .      Faith    .   (no shield)
rNeg    . . .      Spirit   .   h - +0 robe
rPois   .          Reflect  .   (helmet unavailable)
rElec   .          Harm     .   (no cloak)
rCorr   .          Rampage  .   (no gloves)
Will    .....                   (no boots)
Stlth   ++........              (no amulet)
HPRegen 0.10/turn               k - ring of protection from fire
MPRegen 0.10/turn               (no ring)

@: constricted
A: permanent stasis, dig shafts and tunnels, antennae 3, four strong arms
a: Dig, Shaft Self


You were on level 3 of the Dungeon.
You visited 1 branch of the dungeon, and saw 3 of its levels.

You collected 58 gold pieces.

Inventory:

Hand Weapons
 a - a +0 hunting sling
 b - a +2 vampiric short sword (weapon)
Missiles
 c - 35 stones
 i - 15 bolts
Armour
 h - a +0 robe (worn)
Jewellery
 k - a ring of protection from fire (left hand)
Scrolls
 e - 3 scrolls of identify {unknown}
 f - a scroll of fog {unknown}
 g - a scroll of summoning {unknown}
 l - a scroll of magic mapping {unknown}
Potions
 d - 2 potions of mutation {unknown}
 j - a potion of heal wounds {unknown}
 m - a potion of invisibility {unknown}


   Skills:
 - Level 1.7 Dodging
 - Level 2.4 Stealth
 - Level 2.1 Spellcasting
 * Level 4.8 Conjurations


You had 4 spell levels left.
You knew the following spells:

 Your Spells              Type           Power      Damage    Failure   Level
a - Searing Ray           Conj           36%        2d5       4%          2
c - Magic Dart            Conj           72%        1d6       2%          1

Your spell library contained the following spells:

 Spells                   Type           Power      Damage    Failure   Level
 Dazzling Flash           Conj/Hex       20%        N/A       22%         3
 Fulminant Prism          Conj/Hex       5%         3d7       56%         4
 Iskenderun's Mystic Bla  Conj/Tloc      10%        2d4       56%         4


Dungeon Overview and Level Annotations

Branches:
Dungeon (3/15)

Altars:


Innate Abilities, Weirdness & Mutations

You cannot be hasted, slowed, berserked, paralysed or teleported.
You can dig through walls and to a lower floor.
You have a pair of large antennae on your head. (SInv)
Your four strong arms can wield two-handed weapons with a shield.


Message History

The ball python constricts you. What are your orders? t - Shout!
Orders for allies: a - Attack new target. r - Retreat! s - Stop attacking. g - Guard the area. f - Follow me.
Anything else - Cancel.
You shout for attention!
The ball python completely misses you. The ball python constricts you.
What are your orders? t - Shout!
Orders for allies: a - Attack new target. r - Retreat! s - Stop attacking. g - Guard the area. f - Follow me.
Anything else - Cancel.
You shout for attention!
The ball python barely misses you. The ball python constricts you.
What are your orders? t - Shout!
Orders for allies: a - Attack new target. r - Retreat! s - Stop attacking. g - Guard the area. f - Follow me.
Anything else - Cancel.
You shout for attention!
The ball python bites you. The ball python constricts you.
The ball python closely misses you. The ball python constricts you.
What are your orders? t - Shout!
Orders for allies: a - Attack new target. r - Retreat! s - Stop attacking. g - Guard the area. f - Follow me.
Anything else - Cancel.
You shout for attention!
The ball python barely misses you. The ball python constricts you.
You die...

######.#######.#
##...##.# #.#
#.....#.##### #.#
##...........# #.#
###......#.###.# #.#
........##.# #. #.#
#.....####.###.###†#
##...## #.......(.#
##.## ###..#S@###
#.# ##..# #.# ...#
#+# (.#.# { ### .#
.# .# ..


You could see a ball python.

Vanquished Creatures
  A gnoll (D:1)
  An adder (D:2)
  5 bats
  3 endoplasms
  A giant cockroach (D:1)
  A goblin (D:2)
  3 jackals (D:1)
  2 quokkas
  6 frilled lizards
  3 kobolds
  2 rats (D:1)
28 creatures vanquished.

Notes
Turn   | Place    | Note
-------+----------+-------------------------------------------
     0 | D:1      | DildoBatman the Formicid Conjurer began the quest for the
                  | Orb.
     0 | D:1      | Reached XP level 1. HP: 13/13 MP: 3/3
   173 | D:1      | Reached XP level 2. HP: 17/19 MP: 1/5
   177 | D:1      | Learned a level 2 spell: Searing Ray
   204 | D:1      | Reached skill level 4 in Conjurations
   318 | D:1      | Found a faded altar of an unknown god.
   541 | D:1      | Reached XP level 3. HP: 15/24 MP: 1/6
   559 | D:1      | You fall into a shaft and drop 1 floor!
  1500 | D:3      | Reached XP level 4. HP: 30/30 MP: 7/7
  1534 | D:3      | HP: 1/30 [constriction (1)]
  1535 | D:3      | Constricted to death by a ball python

Illustrated notes

Levels and vault maps discovered:
D:1:      lightli_arrival_quake, layout_basic, basic_ecumenical_altar
D:2:      layout_basic
D:3:      layout_loops_corners, mainiacjoe_overflow_chevrons, uniq_ijyb

Skill      XL: |  1  2 |
---------------+-------+-----
Conjurations   | 4 |  4.8
Dodging        | |  1.7
Stealth        | |  2.4
Spellcasting   | |  2.1

Action                   |  1- 3 |  4- 6 || total
-------------------------+-------+-------++-------
Melee: Short sword       |    23 |       ||    23
 Fire: Hunting sling     |    20 |       ||    20
 Cast: Magic Dart        |    32 |       ||    32
       Searing Ray       |     2 |       ||     2
 Stab: Sleeping          |     1 |       ||     1
Armor: Robe              |     4 |     5 ||     9
Dodge: Dodged            |    12 |    27 ||    39
